[Event "DFMMLV 2019"]
[Site "Braunfels"]
[Date "2019.06.22"]
[Round "4.4"]
[White "Sokalskaja, Elena"]
[Black "Gheng, Simona"]
[Result "0-1"]
[ECO "D02"]
[WhiteElo "2014"]
[BlackElo "1991"]
[Annotator "NA"]
[PlyCount "106"]
[EventDate "2019.06.20"]
[EventType "team-tourn"]
[EventCountry "GER"]
[SourceTitle "playchess.com"]
[Source "ChessBase"]
[SourceQuality "1"]
[WhiteTeam "NRW"]
[BlackTeam "Wuerttemberg 1"]
[TimeControl "40/5400+30:1800+30"]

1. d4 d5 2. Nf3 Nf6 3. g3 e6 4. Bg2 b6 5. c4 Bb7 6. O-O Nbd7 7. Nc3 Be7 8. Qc2 O-O 9. Rd1 c5 10. dxc5 bxc5 11. cxd5 exd5 12. Nh4 Nb6 13. Nf5 Qd7 14. Bg5 Rad8 15. e4 d4 16. e5 Nfd5 17. Nxe7+ Nxe7 18. Ne4 Bxe4 19. Bxe4 h6 20. Bd2 c4 21. Ba5 d3 22. Qd2 Qd4 23. Re1 Ned5 24. Bxd5 Qxd5 25. b3 Rc8 26. Rac1 cxb3 27. axb3 Qxb3 28. Rb1 Qd5 29. Bxb6 axb6 30. Red1 Rfd8 31. Qf4 b5 32. Qf5 Rc5 33. h4 Qxe5 34. Qxe5 Rxe5 35. Kg2 f5 36. Kf3 Rd4 37. Rb3 Red5 38. Ke3 d2 39. f3 b4 40. h5 Kf7 41. Ke2 Kf6 42. f4 Ke6 43. Rb2 Kd6 44. Rc2 b3 45. Rc8 Re4+ 46. Kf2 Rb4 47. Rd8+ Ke6 48. Rxd5 Kxd5 49. Ke3 Re4+ 50. Kd3 Rd4+ 51. Kc3 Ke4 52. Kxb3 Ke3 53. Kc3 Rd7 0-1

[Event "DFMMLV 2019"]
[Site "Braunfels"]
[Date "2019.06.22"]
[Round "4.5"]
[White "Zeller, Elisa"]
[Black "Schmidt, Andrea"]
[Result "1/2-1/2"]
[ECO "C03"]
[WhiteElo "1953"]
[BlackElo "2006"]
[Annotator "NA"]
[PlyCount "31"]
[EventDate "2019.06.20"]
[EventType "team-tourn"]
[EventCountry "GER"]
[SourceTitle "playchess.com"]
[Source "ChessBase"]
[SourceQuality "1"]
[WhiteTeam "Wuerttemberg 1"]
[BlackTeam "NRW"]
[TimeControl "40/5400+30:1800+30"]

1. e4 e6 2. d4 d5 3. Nd2 dxe4 4. Nxe4 Bd7 5. Ne2 Bc6 6. N2g3 Nd7 7. Bg5 Be7 8. Qd2 Bxe4 9. Nxe4 Ngf6 10. Nxf6+ Nxf6 11. Bxf6 Bxf6 12. c3 c6 13. Bc4 O-O 14. Rd1 Qc7 15. O-O Rad8 16. Qe2 1/2-1/2

[Event "DFMMLV 2019"]
[Site "Braunfels"]
[Date "2019.06.22"]
[Round "4.6"]
[White "Hiebsch, Catalina"]
[Black "Heil, Marina"]
[Result "0-1"]
[ECO "C27"]
[WhiteElo "1760"]
[BlackElo "1979"]
[Annotator "NA"]
[PlyCount "92"]
[EventDate "2019.06.20"]
[EventType "team-tourn"]
[EventCountry "GER"]
[SourceTitle "playchess.com"]
[Source "ChessBase"]
[SourceQuality "1"]
[WhiteTeam "NRW"]
[BlackTeam "Wuerttemberg 1"]
[TimeControl "40/5400+30:1800+30"]

1. e4 d6 2. Nc3 e5 3. Bc4 Nf6 4. d3 c6 5. Nf3 Be7 6. h3 h6 7. Bd2 Nbd7 8. Qe2 a5 9. a4 Qc7 10. d4 Qb6 11. dxe5 dxe5 12. b3 Qc7 13. O-O Nf8 14. Rad1 g5 15. Nh2 Ng6 16. Ng4 Nxg4 17. hxg4 Nf4 18. Qf3 Rh7 19. g3 Ne6 20. Ne2 Bd7 21. Bc3 Nc5 22. Nc1 f6 23. Be2 O-O-O 24. Nd3 Nxd3 25. Rxd3 Rdh8 26. Rfd1 Be6 27. Qe3 b6 28. Bf3 Kb7 29. Be1 Qc8 30. Qe2 h5 31. gxh5 g4 32. Bg2 Rxh5 33. f3 R8h7 34. Bd2 Qg8 35. f4 exf4 36. Bxf4 Bc5+ 37. Be3 Qf8 38. Rd8 Qe7 39. Qd3 Kc7 40. Kf2 Bd7 41. Ra8 Bc8 42. Ke2 Bxe3 43. Kxe3 Rd5 44. Ra7+ Bb7 45. Qe2 Qc5+ 46. Kf4 Qd6+ 0-1

[Event "DFMMLV 2019"]
[Site "Braunfels"]
[Date "2019.06.22"]
[Round "4.7"]
[White "Valkova, Anzhelika"]
[Black "Hoerhold, Karola"]
[Result "1-0"]
[ECO "A80"]
[WhiteElo "1944"]
[BlackElo "1727"]
[Annotator "NA"]
[PlyCount "59"]
[EventDate "2019.06.20"]
[EventType "team-tourn"]
[EventCountry "GER"]
[SourceTitle "playchess.com"]
[Source "ChessBase"]
[SourceQuality "1"]
[WhiteTeam "Wuerttemberg 1"]
[BlackTeam "NRW"]
[TimeControl "40/5400+30:1800+30"]

1. d4 f5 2. Bg5 h6 3. Bh4 g5 4. Bg3 Nf6 5. e3 Bg7 6. c4 d6 7. Bd3 O-O 8. Nf3 Qe8 9. Nc3 e5 10. dxe5 dxe5 11. Bxe5 Nc6 12. Bxf6 Bxf6 13. O-O g4 14. Nd4 Nxd4 15. exd4 c6 16. d5 Bd7 17. Qc2 Bd4 18. dxc6 bxc6 19. Rae1 Qd8 20. Qd2 Qf6 21. Qf4 Bxc3 22. bxc3 Qg7 23. Qd6 Rf6 24. Qc5 Kh8 25. Re7 Rf7 26. Rfe1 Raf8 27. Qd6 Rxe7 28. Rxe7 Rf7 29. Qxd7 Rxe7 30. Qd8+ {[%emt 0:00:04] Kg8} 1-0

[Event "DFMMLV 2019"]
[Site "Braunfels"]
[Date "2019.06.22"]
[Round "4.8"]
[White "Haehnel, Andrea"]
[Black "Noppes, Marina"]
[Result "1/2-1/2"]
[ECO "A61"]
[WhiteElo "1746"]
[BlackElo "1983"]
[Annotator "NA"]
[PlyCount "41"]
[EventDate "2019.06.20"]
[EventType "team-tourn"]
[EventCountry "GER"]
[SourceTitle "playchess.com"]
[Source "ChessBase"]
[SourceQuality "1"]
[WhiteTeam "NRW"]
[BlackTeam "Wuerttemberg 1"]
[TimeControl "40/5400+30:1800+30"]

1. d4 Nf6 2. c4 e6 3. Nf3 c5 4. d5 exd5 5. cxd5 d6 6. Nc3 g6 7. h3 Bg7 8. Bf4 O-O 9. e3 a6 10. a4 b6 11. Nd2 Ne8 12. Nc4 g5 13. Bh2 f5 14. Be2 Qc7 15. Qb3 Nd7 16. O-O Rb8 17. Nd2 Ne5 18. f4 gxf4 19. exf4 Ng6 20. Rad1 Nf6 21. g3 1/2-1/2

[Event "DFMMLV 2019"]
[Site "Braunfels"]
[Date "2019.06.22"]
[Round "4.9"]
[White "Braeutigam, Irina"]
[Black "Khrapko, Marharyta"]
[Result "0-1"]
[ECO "A22"]
[WhiteElo "1973"]
[BlackElo "2074"]
[Annotator "NA"]
[PlyCount "80"]
[EventDate "2019.06.20"]
[EventType "team-tourn"]
[EventCountry "GER"]
[SourceTitle "playchess.com"]
[Source "ChessBase"]
[SourceQuality "1"]
[WhiteTeam "Schleswig Holstein"]
[BlackTeam "Bayern 1"]
[TimeControl "40/5400+30:1800+30"]

1. c4 e5 2. Nc3 Nf6 3. g3 d6 4. Bg2 c6 5. d4 Nbd7 6. e4 Be7 7. Nf3 Qc7 8. O-O O-O 9. h3 Re8 10. Be3 Bf8 11. d5 g6 12. Qd2 Nh5 13. Nh4 Qd8 14. Bg5 f6 15. Be3 Qe7 16. Kh2 Ng7 17. Rae1 c5 18. b3 Rb8 19. f4 exf4 20. gxf4 f5 21. Bf2 fxe4 22. Nxe4 Qd8 23. Ng5 Nf6 24. Rxe8 Qxe8 25. Re1 Qd8 26. Ne6 Bxe6 27. dxe6 Be7 28. Nf3 d5 29. cxd5 Qxd5 30. Qxd5 Nxd5 31. Bg3 Nh5 32. Ne5 Ndxf4 33. Nd7 Nxg2 34. Kxg2 Rc8 35. Bb8 a6 36. Kf3 Rc6 37. Ba7 Ng7 38. Bxc5 Bxc5 39. e7 Ne8 40. Nxc5 Rxc5 0-1

[Event "DFMMLV 2019"]
[Site "Braunfels"]
[Date "2019.06.22"]
[Round "4.10"]
[White "Siegl, Melina"]
[Black "Glinzner, Alva"]
[Result "0-1"]
[ECO "B40"]
[WhiteElo "2029"]
[BlackElo "1833"]
[Annotator "NA"]
[PlyCount "97"]
[EventDate "2019.06.20"]
[EventType "team-tourn"]
[EventCountry "GER"]
[SourceTitle "playchess.com"]
[Source "ChessBase"]
[SourceQuality "1"]
[WhiteTeam "Bayern 1"]
[BlackTeam "Schleswig Holstein"]
[TimeControl "40/5400+30:1800+30"]

1. e4 c5 2. Nf3 e6 3. d3 Nc6 4. g3 d6 5. Bg2 Nf6 6. O-O Be7 7. h3 O-O 8. c3 Rb8 9. Nh2 d5 10. Qe2 e5 11. g4 h6 12. Nd2 d4 13. c4 Nd7 14. Ndf3 a6 15. Re1 Re8 16. Nf1 Bf8 17. Ng3 g6 18. Kh1 Bg7 19. Rg1 Nf8 20. g5 h5 21. h4 Ne6 22. Nh2 b5 23. b3 Qc7 24. Nf5 Bf8 25. Qf3 Bb7 26. Nh6+ Bxh6 27. gxh6 Nf4 28. Bh3 Kh7 29. Rg5 Nb4 30. Bxf4 exf4 31. Rag1 Nxd3 32. Rd5 Bxd5 33. exd5 bxc4 34. bxc4 Nb2 35. Bf1 Kxh6 36. Qg2 d3 37. Nf3 Rb4 38. Qg5+ Kh7 39. Qf6 Qe7 40. Qc3 Qe4 41. Bg2 Qf5 42. Kh2 Na4 43. Qa1 Rb2 44. Ng5+ Kg8 45. Qd1 Nc3 46. Qf3 Ree2 47. Nh3 Rbc2 48. d6 d2 49. Bf1 0-1

[Event "DFMMLV 2019"]
[Site "Braunfels"]
[Date "2019.06.22"]
[Round "4.11"]
[White "Leib, Britta"]
[Black "Stangl, Anita"]
[Result "1/2-1/2"]
[ECO "C00"]
[WhiteElo "1884"]
[BlackElo "2010"]
[Annotator "NA"]
[PlyCount "47"]
[EventDate "2019.06.20"]
[EventType "team-tourn"]
[EventCountry "GER"]
[SourceTitle "playchess.com"]
[Source "ChessBase"]
[SourceQuality "1"]
[WhiteTeam "Schleswig Holstein"]
[BlackTeam "Bayern 1"]
[TimeControl "40/5400+30:1800+30"]

1. e4 e6 2. d3 d5 3. Nd2 Nf6 4. g3 c5 5. Bg2 Nc6 6. Ngf3 Qc7 7. O-O b6 8. Re1 dxe4 9. Nxe4 Nxe4 10. dxe4 e5 11. c3 Be7 12. h3 O-O 13. Be3 Rd8 14. Qa4 Bd7 15. Qc2 Be6 16. Rad1 Na5 17. b3 b5 18. Ng5 Bd7 19. Rd2 f6 20. Nf3 Bc6 21. Red1 Rxd2 22. Rxd2 Rd8 23. Rxd8+ Qxd8 24. Nd2 1/2-1/2

[Event "DFMMLV 2019"]
[Site "Braunfels"]
[Date "2019.06.22"]
[Round "4.12"]
[White "Ankerst, Milka"]
[Black "Gressmann, Hanna"]
[Result "1/2-1/2"]
[ECO "B07"]
[WhiteElo "2005"]
[BlackElo "1840"]
[Annotator "NA"]
[PlyCount "104"]
[EventDate "2019.06.20"]
[EventType "team-tourn"]
[EventCountry "GER"]
[SourceTitle "playchess.com"]
[Source "ChessBase"]
[SourceQuality "1"]
[WhiteTeam "Bayern 1"]
[BlackTeam "Schleswig Holstein"]
[TimeControl "40/5400+30:1800+30"]

1. e4 d6 2. d4 Nf6 3. Nc3 Nbd7 4. f4 e5 5. Nf3 exd4 6. Nxd4 c6 7. Be2 Nc5 8. Bf3 Be7 9. O-O O-O 10. Kh1 Re8 11. Nb3 Ne6 12. Qd3 a5 13. a4 Qc7 14. Be3 Nf8 15. Qe2 Ng6 16. Qf2 Bd8 17. Qg3 Nd5 18. Nxd5 cxd5 19. Qf2 dxe4 20. Bh5 Ne7 21. Nd4 Nf5 22. Nb5 Qe7 23. Rad1 Bd7 24. Be2 Qf6 25. c3 Nxe3 26. Qxe3 Bxb5 27. Bxb5 Re7 28. Rd5 Bc7 29. Rfd1 Qh4 30. h3 Re6 31. Kh2 Bb8 32. f5 Ba7 33. Qg3 Qxg3+ 34. Kxg3 Re7 35. Kg4 Bc5 36. Kf4 g6 37. g4 h6 38. Kg3 g5 39. Rb1 Be3 40. Kg2 Bf4 41. Kf2 Rc8 42. Rbd1 b6 43. Ke2 Rc5 44. R5d4 Rc8 45. Bc4 Kg7 46. Bd5 e3 47. Bf3 Rc5 48. Rd5 Rec7 49. R1d3 Rc8 50. Kd1 Rc4 51. Rb5 Rxa4 52. Rxb6 Ra1+ 1/2-1/2

[Event "DFMMLV 2019"]
[Site "Braunfels"]
[Date "2019.06.22"]
[Round "4.13"]
[White "Hielscher, Ursula"]
[Black "Mehling, Katharina"]
[Result "1-0"]
[ECO "A83"]
[WhiteElo "1796"]
[BlackElo "1974"]
[Annotator "NA"]
[PlyCount "62"]
[EventDate "2019.06.20"]
[EventType "team-tourn"]
[EventCountry "GER"]
[SourceTitle "playchess.com"]
[Source "ChessBase"]
[SourceQuality "1"]
[WhiteTeam "Schleswig Holstein"]
[BlackTeam "Bayern 1"]
[TimeControl "40/5400+30:1800+30"]

1. d4 f5 2. e4 fxe4 3. Nc3 Nf6 4. Bg5 g6 5. Bxf6 exf6 6. Nxe4 d5 7. Nc3 Bh6 8. Bd3 Kf7 9. Nge2 Nc6 10. O-O Nb4 11. Bb5 c6 12. Ba4 Bg4 13. a3 Na6 14. Qd3 Qd7 15. Qg3 Bf8 16. h3 Be6 17. Nf4 Bd6 18. Qf3 Rae8 19. Nfxd5 Qd8 20. Ne3 Ref8 21. d5 cxd5 22. Nexd5 Nc5 23. Rad1 Nxa4 24. Nxa4 Bd7 25. Nac3 Be5 26. Rfe1 Kg7 27. Nb4 Qc8 28. Qe3 Bb8 29. Qd4 Rf7 30. Ncd5 Re8 31. Nxf6 Be5 1-0

[Event "DFMMLV 2019"]
[Site "Braunfels"]
[Date "2019.06.22"]
[Round "4.14"]
[White "Braun, Kristin"]
[Black "Franzenburg, Maria"]
[Result "1-0"]
[ECO "C00"]
[WhiteElo "1895"]
[BlackElo "1860"]
[Annotator "NA"]
[PlyCount "67"]
[EventDate "2019.06.20"]
[EventType "team-tourn"]
[EventCountry "GER"]
[SourceTitle "playchess.com"]
[Source "ChessBase"]
[SourceQuality "1"]
[WhiteTeam "Bayern 1"]
[BlackTeam "Schleswig Holstein"]
[TimeControl "40/5400+30:1800+30"]

1. e4 e6 2. d3 c5 3. g3 g6 4. Bg2 Bg7 5. Nc3 Ne7 6. Be3 d6 7. Qd2 Nbc6 8. O-O-O Rb8 9. Nf3 b5 10. d4 b4 11. Ne2 Qa5 12. Kb1 c4 13. c3 bxc3 14. Qxc3 Qa4 15. Nd2 Nb4 16. Nc1 Ba6 17. Nxc4 d5 18. Nd6+ Kd7 19. e5 Nf5 20. Nxf5 gxf5 21. a3 Nc6 22. Nd3 Bf8 23. Nc5+ Bxc5 24. Qxc5 Rhc8 25. Rc1 Ne7 26. Qd6+ Ke8 27. Bg5 Rxb2+ 28. Ka1 Ra2+ 29. Kxa2 Bc4+ 30. Ka1 Nc6 31. Bf1 Bxf1 32. Rhxf1 Qxd4+ 33. Ka2 f6 34. Qxe6+ {[%emt 0:00:28] Nb8} 1-0

[Event "DFMMLV 2019"]
[Site "Braunfels"]
[Date "2019.06.22"]
[Round "4.15"]
[White "Freter, Anke"]
[Black "Woniak, Katarzyna"]
[Result "0-1"]
[ECO "B06"]
[WhiteElo "1856"]
[BlackElo "1915"]
[Annotator "NA"]
[PlyCount "114"]
[EventDate "2019.06.20"]
[EventType "team-tourn"]
[EventCountry "GER"]
[SourceTitle "playchess.com"]
[Source "ChessBase"]
[SourceQuality "1"]
[WhiteTeam "Schleswig Holstein"]
[BlackTeam "Bayern 1"]
[TimeControl "40/5400+30:1800+30"]

1. e4 g6 2. g3 Bg7 3. Bg2 d6 4. Nc3 Nf6 5. d3 c6 6. f4 Qb6 7. h3 Nbd7 8. g4 Nf8 9. Qf3 e6 10. Nge2 d5 11. e5 Ng8 12. d4 Ne7 13. Nd1 c5 14. dxc5 Qxc5 15. c3 Bd7 16. Be3 Qa5 17. Nd4 Nc6 18. O-O Nxd4 19. Bxd4 h5 20. Ne3 hxg4 21. hxg4 Bb5 22. Rfc1 Bc6 23. f5 gxf5 24. gxf5 Qd8 25. Qg3 Bh6 26. Ng4 Bg5 27. Re1 Qd7 28. b3 b6 29. Qf3 O-O-O 30. a4 Nh7 31. Ne3 Bxe3+ 32. Qxe3 Rhg8 33. Kf2 Ng5 34. a5 b5 35. Rg1 Kb8 36. Bc5 exf5 37. Bd6+ Ka8 38. Bxd5 Bxd5 39. Rxg5 Rxg5 40. Qxg5 Bxb3 41. a6 Bd5 42. Rb1 Rc8 43. Qd2 Be4 44. Ra1 Rh8 45. Qg5 Rh2+ 46. Ke3 Rh3+ 47. Kd2 Rd3+ 48. Ke2 Rxc3 49. Qg8+ Rc8 50. Rg1 Qe6 51. Rg7 Qa2+ 52. Ke3 Qxa6 53. Qxf7 Qb6+ 54. Kf4 Qf2+ 55. Kg5 Qg3+ 56. Kf6 Qh4+ 57. Ke6 Bd5+ 0-1

[Event "DFMMLV 2019"]
[Site "Braunfels"]
[Date "2019.06.22"]
[Round "4.16"]
[White "Spiel, Marianne"]
[Black "Braeutigam, Katerina"]
[Result "1/2-1/2"]
[ECO "B10"]
[WhiteElo "1894"]
[BlackElo "1697"]
[Annotator "NA"]
[PlyCount "174"]
[EventDate "2019.06.20"]
[EventType "team-tourn"]
[EventCountry "GER"]
[SourceTitle "playchess.com"]
[Source "ChessBase"]
[SourceQuality "1"]
[WhiteTeam "Bayern 1"]
[BlackTeam "Schleswig Holstein"]
[TimeControl "40/5400+30:1800+30"]

1. e4 c6 2. c4 d5 3. exd5 cxd5 4. cxd5 Nf6 5. Bb5+ Nbd7 6. Nc3 a6 7. Ba4 b5 8. Bb3 {[%emt 0:00:55] B10: Caro-Kann: 2 d3 and 2 c4} Nb6 (8... Bb7 9. Nf3 b4 10. Na4 Bxd5 11. O-O e6 12. d4 Be7 13. Bg5 Qa5 14. Rc1 O-O 15. Bxf6 Bxf6 16. Bxd5 Qxd5 17. Qb3 {½-½ (17) Foygel,I (2474)-Stripunsky,A (2554) Seattle 2003}) 9. Nf3 Nfxd5 10. O-O e6 11. d4 Nxc3 $146 ({Predecessor:} 11... Be7 12. a3 Bb7 13. Qd3 b4 14. Nxd5 Bxd5 15. axb4 Bxf3 16. Qxf3 {1-0 (29) Kutschke,P (1993)-Hornych,C (1971) Mecklenburg VP 2002}) 12. bxc3 Bb7 13. Qe2 Qc8 14. Ne5 Bd6 15. f4 O-O 16. Bb2 Nd5 17. Rac1 Re8 18. c4 bxc4 19. Bxc4 Qd8 20. Bd3 Nf6 21. g3 Qb6 22. Nc4 Qd8 23. Nxd6 Qxd6 24. h3 Qd5 25. Kh2 Qxa2 26. Ra1 Qb3 27. Rfb1 a5 28. Ra3 Qd5 29. Bc4 Qd7 30. Bc3 a4 31. Ba1 Bc6 32. Bb5 Bxb5 33. Qxb5 Qxb5 34. Rxb5 Ra7 35. Ra2 Nd5 36. Rc5 Rea8 37. Bb2 Nb4 38. Ra3 h6 39. Bc1 Nd5 40. Bd2 Kf8 41. Rc4 Rb7 42. Kg1 Rb3 43. Bc1 Ke7 44. Kf2 Rb4 45. Rc2 Rxd4 46. Bb2 Rb4 47. Bxg7 f6 48. f5 Rb3 49. Rca2 Nb4 50. Rxa4 Rg8 51. Ra7+ Kd6 52. Rd2+ Ke5 53. fxe6 Kxe6 54. Bxh6 Rgxg3 55. Re2+ Kf5 56. Re3 Rxh3 57. Ra5+ Kg6 58. Rxh3 Rxh3 59. Bf8 Rb3 60. Ra4 Nd3+ 61. Kg2 Ne5 62. Be7 Rb7 63. Bxf6 Kxf6 64. Kf2 Rb3 65. Ke2 Ke6 66. Kd2 Kd5 67. Ke2 Nc4 68. Ra8 Ke4 69. Re8+ Ne5 70. Kd2 Kd4 71. Rd8+ Kc5 72. Kc2 Re3 $17 73. Rc8+ Kd4 74. Rd8+ Ke4 75. Re8 Kf3 76. Rf8+ Ke2 77. Rh8 Nf3 78. Rd8 Ne1+ 79. Kb2 Nf3 80. Kc2 Ne5 81. Rh8 Kf2 82. Rh2+ Kg3 83. Rh8 Nc6 84. Rf8 Nb4+ 85. Kd2 Rd3+ 86. Ke2 Ra3 87. Rg8+ Kf4 1/2-1/2

[Event "DFMMLV 2019"]
[Site "Braunfels"]
[Date "2019.06.22"]
[Round "4.17"]
[White "Steinbacher, Claudia"]
[Black "Brandt, Carina"]
[Result "1-0"]
[ECO "E83"]
[WhiteElo "2080"]
[BlackElo "2085"]
[Annotator "NA"]
[PlyCount "77"]
[EventDate "2019.06.20"]
[EventType "team-tourn"]
[EventCountry "GER"]
[SourceTitle "playchess.com"]
[Source "ChessBase"]
[SourceQuality "1"]
[WhiteTeam "Sachsen"]
[BlackTeam "Hamburg"]
[TimeControl "40/5400+30:1800+30"]

1. d4 Nf6 2. c4 g6 3. Nc3 Bg7 4. e4 d6 5. f3 O-O 6. Be3 Nc6 7. Nge2 a6 8. Qd2 e5 9. d5 Na5 10. Ng3 b5 11. c5 dxc5 12. Bxc5 Re8 13. b4 Nb7 14. Be3 Bf8 15. Qb2 Nd6 16. Rb1 c6 17. dxc6 Be6 18. Rd1 Qc7 19. Nd5 Bxd5 20. exd5 Rad8 21. Bg5 Be7 22. h4 Nf5 23. Nxf5 gxf5 24. Bxf6 Bxf6 25. Be2 Rd6 26. Qb3 e4 27. fxe4 Rxe4 28. Kf1 Qe7 29. Bf3 Re3 30. Qc2 Bxh4 31. Rxh4 Qxh4 32. c7 Re5 33. c8=Q+ Kg7 34. Q8c3 f6 35. Qc7+ Kh6 36. Qd2+ f4 37. Qxd6 Qh1+ 38. Kf2 Qh4+ 39. Kg1 1-0

[Event "DFMMLV 2019"]
[Site "Braunfels"]
[Date "2019.06.22"]
[Round "4.18"]
[White "Wulf, Constanze"]
[Black "Arnhold, Steffi"]
[Result "1-0"]
[ECO "B31"]
[WhiteElo "1711"]
[BlackElo "1996"]
[Annotator "NA"]
[PlyCount "113"]
[EventDate "2019.06.20"]
[EventType "team-tourn"]
[EventCountry "GER"]
[SourceTitle "playchess.com"]
[Source "ChessBase"]
[SourceQuality "1"]
[WhiteTeam "Hamburg"]
[BlackTeam "Sachsen"]
[TimeControl "40/5400+30:1800+30"]

1. e4 c5 2. Nf3 Nc6 3. Bb5 g6 4. Bxc6 dxc6 5. d3 Bg7 6. O-O Nf6 7. Nc3 O-O 8. Be3 b6 9. Qd2 Bb7 10. a3 Qc7 11. Bf4 Qc8 12. Bh6 Rd8 13. Bxg7 Kxg7 14. Qg5 Qe6 15. Qh4 h6 16. Rad1 g5 17. Qg3 Nh5 18. Qe5+ Qxe5 19. Nxe5 f6 20. Ng4 Rd7 21. g3 Kh7 22. Ne3 Ng7 23. f4 Ne6 24. fxg5 hxg5 25. Rf2 Nd4 26. Rdf1 Kg6 27. e5 fxe5 28. Ng4 Rc7 29. Nxe5+ Kh6 30. Ne4 Rg8 31. g4 Bc8 32. Rf8 Rxf8 33. Rxf8 Be6 34. c3 Ne2+ 35. Kf2 Nf4 36. Ke3 Rc8 37. Rxc8 Bxc8 38. Nf7+ Kg6 39. Nfxg5 e5 40. h3 Ba6 41. c4 Bc8 42. Nf3 Nxh3 43. Nxe5+ Kh6 44. Kf3 Ng5+ 45. Kf4 Ne6+ 46. Kf5 Kg7 47. Nd6 Nd4+ 48. Ke4 Be6 49. Kf4 Ne2+ 50. Kg5 Nd4 51. Nf5+ Bxf5 52. gxf5 Kf8 53. Kg6 Ne2 54. f6 Nf4+ 55. Kf5 Nh5 56. Ke6 Nf4+ 57. Kd6 1-0

[Event "DFMMLV 2019"]
[Site "Braunfels"]
[Date "2019.06.22"]
[Round "4.19"]
[White "Daemering, Katrin"]
[Black "Tobianski, Karina"]
[Result "1-0"]
[ECO "A04"]
[WhiteElo "2003"]
[BlackElo "1680"]
[Annotator "NA"]
[PlyCount "99"]
[EventDate "2019.06.20"]
[EventType "team-tourn"]
[EventCountry "GER"]
[SourceTitle "playchess.com"]
[Source "ChessBase"]
[SourceQuality "1"]
[WhiteTeam "Sachsen"]
[BlackTeam "Hamburg"]
[TimeControl "40/5400+30:1800+30"]

1. Nf3 d6 2. d4 Nf6 3. g3 g6 4. Bg2 Bg7 5. O-O O-O 6. c3 Nbd7 7. Nbd2 e5 8. e4 Re8 9. Qc2 Nf8 10. h3 Nh5 11. Rd1 Qe7 12. Nf1 Kh8 13. Bg5 f6 14. Be3 f5 15. dxe5 dxe5 16. exf5 gxf5 17. Bg5 Qf7 18. Qa4 Ne6 19. Bh4 e4 20. Ne1 c6 21. Qb3 Qg6 22. Qc4 Ng5 23. Bxg5 Qxg5 24. Rd6 Qe7 25. Rad1 Be6 26. Qe2 Nf6 27. c4 Rad8 28. Rxd8 Rxd8 29. Ne3 Rd7 30. Rxd7 Qxd7 31. Kh2 Qd4 32. b3 Nd7 33. N3c2 Qd6 34. Qh5 Nf6 35. Qe2 Bf7 36. Qe3 Bh6 37. Qxa7 Qd7 38. Qb8+ Kg7 39. Qe5 Bg5 40. Bxe4 fxe4 41. Qxg5+ Bg6 42. Ne3 Kf7 43. Qf4 Kg7 44. N1g2 b5 45. Nh4 bxc4 46. Nxc4 Qa7 47. Nxg6 hxg6 48. a4 Nd5 49. Qe5+ Kh7 50. Kg2 1-0

[Event "DFMMLV 2019"]
[Site "Braunfels"]
[Date "2019.06.22"]
[Round "4.20"]
[White "Neumann, Ramona"]
[Black "Doll, Rebecca"]
[Result "1-0"]
[ECO "C41"]
[WhiteElo "1709"]
[BlackElo "1678"]
[Annotator "NA"]
[PlyCount "73"]
[EventDate "2019.06.20"]
[EventType "team-tourn"]
[EventCountry "GER"]
[SourceTitle "playchess.com"]
[Source "ChessBase"]
[SourceQuality "1"]
[WhiteTeam "Hamburg"]
[BlackTeam "Baden"]
[TimeControl "40/5400+30:1800+30"]

1. e4 e5 2. Nf3 d6 3. Nc3 g6 4. d3 Bg7 5. Be3 Ne7 6. Qd2 h6 7. h3 f5 8. exf5 Nxf5 9. Ne2 c5 10. g4 Nxe3 11. Qxe3 Qe7 12. Bg2 Be6 13. Ng3 Nc6 14. c3 O-O 15. O-O Rae8 16. Nd2 Bd7 17. Rae1 Kh8 18. Ne2 b6 19. Qg3 Qe6 20. f4 Qxa2 21. Nc4 Rf6 22. fxe5 Rxf1+ 23. Rxf1 Bxe5 24. Qh4 Kg7 25. Bxc6 Bh2+ 26. Kxh2 Rxe2+ 27. Bg2 g5 28. Qg3 Qa4 29. Qxd6 Be8 30. Qf6+ Kg8 31. Qxh6 Bf7 32. Qxg5+ Kf8 33. Qf5 Qe8 34. Kh1 Re1 35. Rxe1 Qxe1+ 36. Qf1 Qg3 37. Bd5 1-0

[Event "DFMMLV 2019"]
[Site "Braunfels"]
[Date "2019.06.22"]
[Round "4.21"]
[White "Just, Anita"]
[Black "Hoefner, Nina"]
[Result "1-0"]
[ECO "B77"]
[WhiteElo "1866"]
[BlackElo "1557"]
[Annotator "NA"]
[PlyCount "106"]
[EventDate "2019.06.20"]
[EventType "team-tourn"]
[EventCountry "GER"]
[SourceTitle "playchess.com"]
[Source "ChessBase"]
[SourceQuality "1"]
[WhiteTeam "Sachsen"]
[BlackTeam "Hamburg"]
[TimeControl "40/5400+30:1800+30"]

1. e4 c5 2. Nf3 d6 3. d4 cxd4 4. Nxd4 Nf6 5. Nc3 g6 6. Be3 Bg7 7. f3 O-O 8. Qd2 Nc6 9. Bc4 Bd7 10. Bb3 a6 11. O-O-O Rc8 12. g4 Nxd4 13. Bxd4 b5 14. Nd5 Nxd5 15. exd5 a5 16. a3 Qc7 17. Bxg7 Kxg7 18. Rhe1 Rfe8 19. Re3 Rb8 20. Rde1 Bc8 21. Qd4+ Kg8 22. Rc3 Qb6 23. Qxb6 Rxb6 24. a4 b4 25. Rc7 Rb7 26. Rc6 Rd7 27. Bc4 Bb7 28. Bb5 Bxc6 29. Bxc6 Red8 30. Bxd7 Rxd7 31. Kd2 Kg7 32. Re4 Rc7 33. Kd3 Kf6 34. Rf4+ Kg7 35. Rc4 Ra7 36. Rc8 e6 37. Kd4 e5+ 38. Kc4 Rb7 39. Rc6 Rd7 40. Kb5 Ra7 41. Rxd6 Kf8 42. Ra6 Rd7 43. d6 f5 44. gxf5 gxf5 45. Kc6 Ke8 46. Ra8+ Rd8 47. d7+ Ke7 48. Rxa5 Ke6 49. Rd5 e4 50. fxe4 fxe4 51. Rd4 Ke5 52. Rd1 e3 53. Kc7 Ke6 1-0

[Event "DFMMLV 2019"]
[Site "Braunfels"]
[Date "2019.06.22"]
[Round "4.22"]
[White "Harder, Daniella"]
[Black "Lowke, Kathrin"]
[Result "0-1"]
[ECO "A49"]
[WhiteElo "1630"]
[BlackElo "1887"]
[Annotator "NA"]
[PlyCount "48"]
[EventDate "2019.06.20"]
[EventType "team-tourn"]
[EventCountry "GER"]
[SourceTitle "playchess.com"]
[Source "ChessBase"]
[SourceQuality "1"]
[WhiteTeam "Hamburg"]
[BlackTeam "Sachsen"]
[TimeControl "40/5400+30:1800+30"]

1. d4 Nf6 2. Nf3 g6 3. g3 Bg7 4. Bg2 d6 5. Bd2 O-O 6. Qc1 Nc6 7. Bh6 Bf5 8. Bxg7 Kxg7 9. c3 Qd7 10. h3 e5 11. g4 Be6 12. Qg5 Bd5 13. dxe5 Nxe5 14. O-O Rae8 15. Nbd2 Nxf3+ 16. Bxf3 Bxf3 17. exf3 Re5 18. Qf4 Rfe8 19. Qd4 Rd5 20. Qf4 g5 21. Qb4 c5 22. Qa3 Rxd2 23. Qxa7 Qc6 24. Kg2 Rd3 0-1

[Event "DFMMLV 2019"]
[Site "Braunfels"]
[Date "2019.06.22"]
[Round "4.23"]
[White "von Keyserlingk, Chanda"]
[Black "Reich, Kristina"]
[Result "1-0"]
[ECO "D10"]
[WhiteElo "1702"]
[BlackElo "1544"]
[Annotator "NA"]
[PlyCount "79"]
[EventDate "2019.06.20"]
[EventType "team-tourn"]
[EventCountry "GER"]
[SourceTitle "playchess.com"]
[Source "ChessBase"]
[SourceQuality "1"]
[WhiteTeam "Sachsen"]
[BlackTeam "Hamburg"]
[TimeControl "40/5400+30:1800+30"]

1. d4 d5 2. c4 c6 3. Nc3 e6 4. e3 f5 5. Nf3 Nf6 6. Bd3 Bd6 7. Ne5 O-O 8. f4 Ne4 9. g3 Nd7 10. Qc2 Ndf6 11. Bd2 Bd7 12. O-O Be8 13. Be2 Rc8 14. Qd1 Rc7 15. c5 Be7 16. Nxe4 Nxe4 17. Ba5 Rf6 18. Bxc7 Qxc7 19. Qc2 Rh6 20. Bf3 Bh5 21. Bxe4 dxe4 22. Rf2 Qd8 23. Qb3 Qc8 24. Re1 Bf6 25. Nc4 Qc7 26. Nd6 Bf7 27. Qxb7 Qxb7 28. Nxb7 Rg6 29. Nd6 Rg4 30. Rg2 Bh5 31. Rc1 Rg6 32. Rc3 Bf3 33. Rf2 h5 34. Rb3 h4 35. Rb8+ Kh7 36. Nf7 Rg4 37. Kf1 hxg3 38. hxg3 Rxg3 39. Rh2+ Kg6 40. Nh8# 1-0